[Event "17th Spilimbergo Open 2019"]
[Site "Spilimbergo"]
[Date "2019.08.09"]
[Round "1.1"]
[White "Nisipeanu, Liviu-Dieter"]
[Black "Pasini, Nicolo"]
[Result "1-0"]
[WhiteElo "2666"]
[BlackElo "2247"]
[PlyCount "55"]
[EventDate "2019.08.09"]
[EventType "swiss"]
[EventCountry "ITA"]
[TimeControl "5400+30"]
[WhiteClock "0:07:51"]
[BlackClock "0:20:00"]

1. e4 e5 2. Nf3 Nf6 3. Nxe5 d6 4. Nf3 Nxe4 5. Bd3 d5 6. O-O Be7 7. Re1 Nc5 8. Bf1 O-O 9. d4 Ne4 10. c4 Bb4 11. Re3 c6 12. Nc3 Nxc3 13. bxc3 Bd6 14. Qb3 b6 15. Ba3 Ba6 16. Ne5 Qc7 17. Bxd6 Qxd6 18. Rae1 Bc8 19. Qb4 c5 20. dxc5 bxc5 21. Qa3 Be6 22. cxd5 Qxd5 23. Bc4 Qd6 24. Nxf7 Bxf7 25. Bxf7+ Rxf7 26. Re8+ Rf8 27. Qb3+ Kh8 28. Qd5 1-0

[Event "17th Spilimbergo Open 2019"]
[Site "Spilimbergo"]
[Date "2019.08.09"]
[Round "1.2"]
[White "Damia, Angelo"]
[Black "Saric, Ivan"]
[Result "1/2-1/2"]
[WhiteElo "2244"]
[BlackElo "2660"]
[PlyCount "120"]
[EventDate "2019.08.09"]
[EventType "swiss"]
[EventCountry "ITA"]
[TimeControl "5400+30"]
[WhiteClock "0:13:11"]
[BlackClock "0:02:50"]

1. e4 c5 2. Nf3 d6 3. d4 cxd4 4. Nxd4 Nf6 5. Nc3 a6 6. Bg5 Nc6 7. Qd2 e6 8. O-O-O Bd7 9. f4 Be7 10. Kb1 b5 11. Bxf6 Bxf6 12. Nxc6 Bxc6 13. Qxd6 Qxd6 14. Rxd6 Rc8 15. a4 Bxc3 16. axb5 Bxe4 17. bxc3 Rxc3 18. Rd4 Bg6 19. Rc4 Rxc4 20. Bxc4 axb5 21. Bxb5+ Ke7 22. Kb2 Rb8 23. c4 Be4 24. Kc3 Bxg2 25. Rg1 Be4 26. Kd4 Bg6 27. Ra1 Rd8+ 28. Kc3 Rd3+ 29. Kb4 Rd2 30. Ra7+ Kf6 31. c5 Rb2+ 32. Kc4 e5 33. fxe5+ Kxe5 34. c6 Rxh2 35. Re7+ Kf6 36. Re1 Bf5 37. Kc5 Rc2+ 38. Kb6 g6 39. c7 Bc8 40. Re8 Bg4 41. Re4 h5 42. Rf4+ Ke5 43. Rxf7 h4 44. Bd3 Rb2+ 45. Kc5 h3 46. Re7+ Kf6 47. Re4 Bc8 48. Re8 Bb7 49. Be4 Bxe4 50. Rxe4 Rc2+ 51. Rc4 Rxc4+ 52. Kxc4 h2 53. c8=Q h1=Q 54. Qd8+ Kf5 55. Qd7+ Kf4 56. Qf7+ Kg5 57. Qe7+ Kg4 58. Qe6+ Kh5 59. Qe5+ Kg4 60. Qe6+ Kg5 1/2-1/2

[Event "17th Spilimbergo Open 2019"]
[Site "Spilimbergo"]
[Date "2019.08.09"]
[Round "1.3"]
[White "Kovalev, Vladislav"]
[Black "Di Benedetto, Desiree"]
[Result "1-0"]
[WhiteElo "2651"]
[BlackElo "2243"]
[PlyCount "131"]
[EventDate "2019.08.09"]
[EventType "swiss"]
[EventCountry "ITA"]
[TimeControl "5400+30"]
[BlackClock "0:03:14"]

1. e4 e6 2. d3 d5 3. Nd2 Nf6 4. e5 Nfd7 5. f4 c5 6. Ndf3 Nc6 7. c3 Qb6 8. g3 Be7 9. Bg2 O-O 10. Ne2 f6 11. d4 cxd4 12. exf6 Nxf6 13. Nexd4 Nxd4 14. Nxd4 Bd6 15. Qb3 Qxb3 16. axb3 Bd7 17. O-O a6 18. b4 e5 19. fxe5 Bxe5 20. Be3 Rae8 21. Rfe1 Bxd4 22. Bxd4 Ne4 23. Re3 Bc6 24. Rae1 Rd8 25. Bb6 Ra8 26. b3 Nd2 27. Rd3 Ne4 28. Rde3 Nd2 29. Bc5 Rfc8 30. Bh3 Rd8 31. Rd3 Ne4 32. Bd4 Re8 33. Rde3 Ng5 34. Bg4 Rxe3 35. Rxe3 Ne4 36. Be6+ Kh8 37. Re1 Re8 38. Bg4 h6 39. Rf1 Kg8 40. Bh5 Rf8 41. Rxf8+ Kxf8 42. Bd1 Kf7 43. Kf1 g6 44. Ke2 Nd6 45. Bc2 h5 46. Be5 Ne4 47. Ke3 Ke6 48. Bh8 g5 49. Bd1 Be8 50. Kd4 Nf2 51. Bf3 Ne4 52. c4 Nd2 53. Bxd5+ Kf5 54. Bxb7 Nxb3+ 55. Kc3 Nc1 56. Bxa6 Ne2+ 57. Kd2 Ng1 58. Bc8+ Ke4 59. Bb7+ Kf5 60. b5 g4 61. b6 Bd7 62. Ke3 Nf3 63. Be4+ Ke6 64. Bxf3 gxf3 65. b7 f2 66. Kxf2 1-0

[Event "17th Spilimbergo Open 2019"]
[Site "Spilimbergo"]
[Date "2019.08.09"]
[Round "1.4"]
[White "Vezzosi, Paolo"]
[Black "Bosiocic, Marin"]
[Result "0-1"]
[WhiteElo "2242"]
[BlackElo "2611"]
[PlyCount "52"]
[EventDate "2019.08.09"]
[EventType "swiss"]
[EventCountry "ITA"]
[TimeControl "5400+30"]
[WhiteClock "1:10:00"]
[BlackClock "0:28:00"]

1. Nf3 d5 2. c4 d4 3. g3 Nc6 4. Bg2 e5 5. d3 Bb4+ 6. Bd2 a5 7. O-O Nf6 8. Na3 O-O 9. Nc2 Re8 10. a3 Bxd2 11. Nxd2 Qd6 12. Rb1 a4 13. Ne4 Nxe4 14. Bxe4 Na5 15. e3 Nb3 16. exd4 exd4 17. Nb4 c6 18. Re1 Bd7 19. Qh5 g6 20. Qh6 Ra5 21. Bf3 Rae5 22. Nc2 Bf5 23. Rbd1 Nc5 24. Rxe5 Rxe5 25. Ne1 Qe6 26. Kf1 Rxe1+ 0-1

[Event "17th Spilimbergo Open 2019"]
[Site "Spilimbergo"]
[Date "2019.08.09"]
[Round "1.5"]
[White "Basso, Pier Luigi"]
[Black "Ceschia, Ivano"]
[Result "1-0"]
[WhiteElo "2576"]
[BlackElo "2242"]
[PlyCount "67"]
[EventDate "2019.08.09"]
[EventType "swiss"]
[EventCountry "ITA"]
[TimeControl "5400+30"]
[WhiteClock "0:01:21"]
[BlackClock "0:30:00"]

1. d4 e6 2. c4 Nc6 3. Nf3 Nf6 4. g3 d5 5. Bg2 Bb4+ 6. Bd2 Bxd2+ 7. Qxd2 O-O 8. O-O Qe7 9. Na3 Rd8 10. Rfd1 Bd7 11. Rac1 Be8 12. e3 a6 13. Qe2 h6 14. Nb1 e5 15. dxe5 Nxe5 16. cxd5 Nxd5 17. Nxe5 Qxe5 18. Rd4 Nf6 19. Bxb7 Rxd4 20. Bxa8 Bb5 21. Qc2 Rc4 22. Nc3 Ng4 23. Rd1 g6 24. Bd5 Qh5 25. h4 Ne5 26. Bxc4 Bxc4 27. Qe4 Be6 28. Rd8+ Kh7 29. Qf4 Nf3+ 30. Kh1 Kg7 31. Ne4 Bf5 32. Nd2 Bg4 33. Nxf3 Bxf3+ 34. Kh2 1-0

[Event "17th Spilimbergo Open 2019"]
[Site "Spilimbergo"]
[Date "2019.08.09"]
[Round "1.6"]
[White "Youssoupov, Moisse"]
[Black "Moroni, Luca Jr"]
[Result "1-0"]
[WhiteElo "2241"]
[BlackElo "2572"]
[PlyCount "61"]
[EventDate "2019.08.09"]
[EventType "swiss"]
[EventCountry "ITA"]
[TimeControl "5400+30"]
[WhiteClock "0:15:37"]
[BlackClock "0:16:30"]

1. d4 d5 2. Bf4 c5 3. e3 Nc6 4. c3 Nf6 5. Nd2 e6 6. Ngf3 Bd6 7. Bg3 O-O 8. Bd3 b6 9. Qe2 Bb7 10. Rd1 Re8 11. e4 Be7 12. e5 Nh5 13. a3 a5 14. h4 Nxg3 15. fxg3 cxd4 16. cxd4 f6 17. Bxh7+ Kxh7 18. Ng5+ Kg8 19. Qh5 fxg5 20. hxg5 Bxg5 21. Qh7+ Kf8 22. O-O+ Bf6 23. exf6 gxf6 24. Qxb7 Nxd4 25. Qh7 e5 26. Nf3 Nxf3+ 27. Rxf3 Re6 28. Rc1 e4 29. Rf4 Ke8 30. Rg4 Re7 31. Qg8+ 1-0

[Event "17th Spilimbergo Open 2019"]
[Site "Spilimbergo"]
[Date "2019.08.09"]
[Round "1.7"]
[White "Brunello, Sabino"]
[Black "Sarvadh Sathiaram"]
[Result "1-0"]
[WhiteElo "2556"]
[BlackElo "2239"]
[PlyCount "75"]
[EventDate "2019.08.09"]
[EventType "swiss"]
[EventCountry "ITA"]
[TimeControl "5400+30"]
[WhiteClock "0:01:21"]
[BlackClock "0:02:20"]

1. d4 Nf6 2. c4 g6 3. Nc3 d5 4. cxd5 Nxd5 5. e4 Nxc3 6. bxc3 Bg7 7. Qa4+ Qd7 8. Bb5 c6 9. Be2 O-O 10. Qa3 b6 11. Nf3 Bb7 12. O-O Qc7 13. Bg5 Re8 14. Rad1 e6 15. Rfe1 Bf8 16. Qc1 Nd7 17. h4 f6 18. Bf4 Qd8 19. e5 f5 20. c4 Rc8 21. h5 Be7 22. c5 Nf8 23. hxg6 hxg6 24. Bc4 Qc7 25. Qe3 Rcd8 26. g4 bxc5 27. dxc5 Rxd1 28. Rxd1 fxg4 29. Nh2 Rd8 30. Rd6 Bc8 31. Nxg4 Nh7 32. Kg2 g5 33. Bg3 Rf8 34. Qe4 Bxd6 35. exd6 Qd7 36. Qg6+ Qg7 37. Bxe6+ Bxe6 38. Qxe6+ 1-0

[Event "17th Spilimbergo Open 2019"]
[Site "Spilimbergo"]
[Date "2019.08.09"]
[Round "1.8"]
[White "Rigo, Janos"]
[Black "Palac, Mladen"]
[Result "0-1"]
[WhiteElo "2238"]
[BlackElo "2551"]
[PlyCount "86"]
[EventDate "2019.08.09"]
[EventType "swiss"]
[EventCountry "ITA"]
[TimeControl "5400+30"]
[WhiteClock "0:44:00"]
[BlackClock "0:17:48"]

1. e4 c5 2. Nf3 d6 3. Bb5+ Nd7 4. d4 cxd4 5. Nxd4 Ngf6 6. Nc3 e6 7. O-O a6 8. Bxd7+ Bxd7 9. a4 Be7 10. Be3 O-O 11. f3 Rc8 12. Qd3 Qc7 13. Rfc1 Rfd8 14. Nb3 d5 15. exd5 Bc6 16. a5 Nxd5 17. Nxd5 Rxd5 18. Qe2 Bb5 19. Qf2 Bc4 20. Nd2 Rxa5 21. b3 Rxa1 22. Rxa1 Bd5 23. c4 Bc6 24. Bb6 Qd7 25. Qe3 h6 26. Nf1 e5 27. Re1 Re8 28. Qf2 Bb4 29. Re3 f5 30. f4 exf4 31. Qxf4 Be4 32. Qf2 Re6 33. Rg3 Bd6 34. Qd4 Qe7 35. Rh3 Be5 36. Qf2 Qf6 37. Ba7 b6 38. Kh1 f4 39. Nd2 Bd4 40. Qf1 Qe7 41. Bb8 Bc6 42. Qxf4 Re1+ 43. Nf1 Qe2 0-1

[Event "17th Spilimbergo Open 2019"]
[Site "Spilimbergo"]
[Date "2019.08.09"]
[Round "1.9"]
[White "Dragnev, Valentin"]
[Black "Formento, Paolo"]
[Result "1-0"]
[WhiteElo "2535"]
[BlackElo "2237"]
[PlyCount "117"]
[EventDate "2019.08.09"]
[EventType "swiss"]
[EventCountry "ITA"]
[TimeControl "5400+30"]
[WhiteClock "0:01:52"]
[BlackClock "0:05:36"]

1. c4 e6 2. Nf3 Nf6 3. d4 Bb4+ 4. Bd2 Bxd2+ 5. Qxd2 d5 6. g3 O-O 7. Bg2 Qe7 8. O-O Rd8 9. Qc2 Nc6 10. Rd1 dxc4 11. Na3 Bd7 12. Nxc4 Nb4 13. Qb3 Bc6 14. a3 Na6 15. Qc3 Bd5 16. b4 c6 17. Rac1 Nc7 18. Na5 Ne4 19. Qd3 Nd6 20. Bh3 Be4 21. Qb3 Qe8 22. Nd2 Bd5 23. Qc2 f5 24. Bg2 e5 25. e4 fxe4 26. Nxe4 Nxe4 27. Bxe4 Bxe4 28. Qxe4 Rxd4 29. Rxd4 exd4 30. Qxd4 Nb5 31. Qc4+ Qf7 32. Nxb7 Qxc4 33. Rxc4 Nxa3 34. Rxc6 Rb8 35. Nd6 h6 36. Nf5 Rxb4 37. Rc7 Rg4 38. f3 Rg5 39. g4 Kf8 40. h4 Rg6 41. h5 Rg5 42. Kf2 Nb5 43. Rc8+ Kf7 44. Kg3 Rxf5 45. gxf5 Nd4 46. Kf4 Kf6 47. Re8 a5 48. Rf8+ Ke7 49. Ra8 Nc6 50. Ke4 Kd6 51. Rg8 a4 52. Rxg7 a3 53. Rg8 a2 54. Ra8 Nb4 55. Ra7 Nd5 56. Ra6+ Kc5 57. Ke5 Nb4 58. Rxa2 Nxa2 59. f6 1-0

[Event "17th Spilimbergo Open 2019"]
[Site "Spilimbergo"]
[Date "2019.08.09"]
[Round "1.10"]
[White "Aroesti, Roee"]
[Black "Admiraal, Miguoel"]
[Result "1/2-1/2"]
[WhiteElo "2236"]
[BlackElo "2513"]
[PlyCount "68"]
[EventDate "2019.08.09"]
[EventType "swiss"]
[EventCountry "ITA"]
[TimeControl "5400+30"]
[WhiteClock "0:00:41"]
[BlackClock "0:02:58"]

1. e4 c6 2. d4 d5 3. exd5 cxd5 4. Bd3 Nf6 5. c3 Bg4 6. Qb3 Qc7 7. h3 Bh5 8. Ne2 Bg6 9. Nf4 e6 10. Nxg6 hxg6 11. Na3 Nc6 12. Bf4 Qd7 13. O-O Be7 14. Nc2 O-O 15. a4 Na5 16. Qa2 Rfc8 17. Ne3 Bd6 18. Be5 Qc7 19. f4 Nc6 20. Rac1 Nh5 21. Rce1 Ng3 22. Rf3 Nf5 23. Nxf5 gxf5 24. g4 Bxe5 25. fxe5 fxg4 26. hxg4 Qe7 27. Rh3 Qg5 28. Bh7+ Kf8 29. Qa3+ Ne7 30. Rf1 Qxg4+ 31. Kh2 Qe2+ 32. Kg1 Qg4+ 33. Kh2 Qe2+ 34. Kg1 Qg4+ 1/2-1/2

[Event "17th Spilimbergo Open 2019"]
[Site "Spilimbergo"]
[Date "2019.08.09"]
[Round "1.11"]
[White "Keymer, Vincent"]
[Black "de Francesco, Klaus"]
[Result "0-1"]
[WhiteElo "2513"]
[BlackElo "2223"]
[PlyCount "90"]
[EventDate "2019.08.09"]
[EventType "swiss"]
[EventCountry "ITA"]
[TimeControl "5400+30"]
[WhiteClock "0:19:54"]
[BlackClock "0:14:01"]

1. d4 Nf6 2. c4 e6 3. Nf3 b6 4. g3 Bb4+ 5. Nbd2 Bb7 6. Bg2 O-O 7. O-O d5 8. Ne5 Nbd7 9. Qa4 Bxd2 10. Bxd2 Nxe5 11. dxe5 Ne4 12. Bf4 Nc5 13. Qc2 dxc4 14. Bxb7 Nxb7 15. Rfd1 Qe7 16. Qxc4 c5 17. Qa4 Rfd8 18. Rxd8+ Qxd8 19. Rd1 Qc8 20. Rd7 a6 21. Bg5 h6 22. Bf6 c4 23. Qd1 gxf6 24. exf6 Nc5 25. Re7 Qc6 26. Qd2 Qe4 27. Qxh6 Qg6 28. Qxg6+ fxg6 29. g4 Rd8 30. g5 Rd7 31. Re8+ Kf7 32. Rh8 e5 33. h4 b5 34. a3 a5 35. Rb8 Rb7 36. Rh8 b4 37. axb4 axb4 38. h5 gxh5 39. Rh7+ Kg6 40. f7 Rxf7 41. Rh6+ Kxg5 42. Rc6 c3 43. bxc3 b3 44. Rxc5 Rb7 45. Rxe5+ Kf6 0-1

[Event "17th Spilimbergo Open 2019"]
[Site "Spilimbergo"]
[Date "2019.08.09"]
[Round "1.12"]
[White "Voyska, Margarita"]
[Black "Dvirnyy, Danyyil"]
[Result "1-0"]
[WhiteElo "2214"]
[BlackElo "2496"]
[PlyCount "55"]
[EventDate "2019.08.09"]
[EventType "swiss"]
[EventCountry "ITA"]
[TimeControl "5400+30"]
[WhiteClock "0:03:12"]
[BlackClock "0:06:08"]

1. Nf3 d5 2. d4 Nf6 3. e3 c5 4. c4 cxd4 5. exd4 g6 6. Nc3 Bg7 7. Qb3 O-O 8. cxd5 Nbd7 9. Bg5 Nb6 10. Bxf6 exf6 11. Be2 Qd6 12. O-O Rd8 13. Rfe1 Bf8 14. a3 Kg7 15. Nd2 Nxd5 16. Nxd5 Qxd5 17. Bc4 Qd7 18. Ne4 h6 19. d5 Qf5 20. d6 Bxd6 21. Rad1 Be7 22. Rxd8 Bxd8 23. Bxf7 Bb6 24. Bg8 Qd7 25. Nd6 h5 26. h4 Kh6 27. Qg3 Qg4 28. Re7 1-0

[Event "17th Spilimbergo Open 2019"]
[Site "Spilimbergo"]
[Date "2019.08.10"]
[Round "2.1"]
[White "Collutiis, Duilio"]
[Black "Nisipeanu, Liviu-Dieter"]
[Result "1/2-1/2"]
[WhiteElo "2402"]
[BlackElo "2666"]
[PlyCount "71"]
[EventDate "2019.08.09"]
[EventType "swiss"]
[EventCountry "ITA"]
[TimeControl "5400+30"]
[WhiteClock "0:24:00"]
[BlackClock "0:18:26"]

1. c4 e6 2. g3 d5 3. Bg2 Nf6 4. Nf3 d4 5. O-O c5 6. e3 Nc6 7. exd4 cxd4 8. d3 Bd6 9. a3 a5 10. Bg5 h6 11. Bxf6 Qxf6 12. Nbd2 Qe7 13. Ne4 Bc7 14. b4 axb4 15. axb4 Rxa1 16. Qxa1 Qxb4 17. Rb1 Qa5 18. Qxa5 Bxa5 19. Nd6+ Ke7 20. Nxc8+ Rxc8 21. Rxb7+ Rc7 22. Rxc7+ Bxc7 23. Nd2 Ne5 24. Nb3 Nxd3 25. Bf1 Ne5 26. Nxd4 Bb6 27. Nb3 Kd6 28. Be2 g5 29. h3 f5 30. Kg2 Nd7 31. Bf3 Nf6 32. Bb7 h5 33. Bc8 Ne4 34. f3 Nc5 35. Nxc5 Bxc5 36. g4 1/2-1/2

[Event "17th Spilimbergo Open 2019"]
[Site "Spilimbergo"]
[Date "2019.08.10"]
[Round "2.2"]
[White "Veinberg, Nimrod"]
[Black "Kovalev, Vladislav"]
[Result "0-1"]
[WhiteElo "2394"]
[BlackElo "2651"]
[PlyCount "70"]
[EventDate "2019.08.09"]
[EventType "swiss"]
[EventCountry "ITA"]
[TimeControl "5400+30"]
[WhiteClock "0:12:14"]
[BlackClock "0:08:46"]

1. d4 Nf6 2. c4 e6 3. Nc3 Bb4 4. Qc2 b6 5. e4 c5 6. d5 exd5 7. exd5 O-O 8. Bd2 Re8+ 9. Be2 d6 10. O-O-O Nbd7 11. Nf3 b5 12. cxb5 Nb6 13. Rhe1 Bb7 14. Ng5 h6 15. Nh3 Nbxd5 16. Nxd5 Bxd5 17. Nf4 Bxa2 18. Bf3 d5 19. Rxe8+ Qxe8 20. Bc3 Bxc3 21. bxc3 Bc4 22. Nxd5 Bxd5 23. Bxd5 Nxd5 24. Rxd5 Qxb5 25. Rd3 Rb8 26. Kd2 a5 27. c4 Qc6 28. Rd5 a4 29. Qf5 a3 30. Rxc5 Qd6+ 31. Kc3 g6 32. Qe5 a2 33. Qxd6 a1=Q+ 34. Kd2 Rb2+ 35. Ke3 Qe1+ 0-1

[Event "17th Spilimbergo Open 2019"]
[Site "Spilimbergo"]
[Date "2019.08.10"]
[Round "2.3"]
[White "Bosiocic, Marin"]
[Black "Di Benedetto, Edoardo"]
[Result "1-0"]
[WhiteElo "2611"]
[BlackElo "2399"]
[PlyCount "95"]
[EventDate "2019.08.09"]
[EventType "swiss"]
[EventCountry "ITA"]
[TimeControl "5400+30"]
[WhiteClock "0:01:39"]
[BlackClock "0:20:00"]

1. d4 d5 2. c4 e6 3. Nf3 Nf6 4. g3 Be7 5. Bg2 O-O 6. O-O dxc4 7. Qc2 a6 8. a4 Bd7 9. Rd1 Bc6 10. Bg5 Bxf3 11. Bxf3 Nc6 12. Qxc4 Nd5 13. Bxe7 Qxe7 14. a5 Rfd8 15. Nc3 Qb4 16. Qxb4 Ndxb4 17. e3 Rac8 18. g4 Kf8 19. g5 h6 20. h4 Ke7 21. Kf1 hxg5 22. hxg5 Rh8 23. Ke2 Rh2 24. Ra4 Rd8 25. Rc1 f5 26. gxf6+ gxf6 27. Ne4 b6 28. Nd2 b5 29. Ra3 Rd6 30. Ne4 Rd8 31. Nc5 Nb8 32. Rb3 Nd5 33. Nb7 Rd7 34. Bxd5 exd5 35. Rg1 Kf7 36. Rc3 Rh8 37. Nc5 Rdd8 38. Nd3 c6 39. Nb4 Rd6 40. Rgc1 Rc8 41. Rh1 Rg8 42. Kf3 Ke6 43. Rcc1 Rc8 44. Nd3 Nd7 45. Rcg1 Rf8 46. Rg7 Rf7 47. Nf4+ Ke7 48. Ng6+ 1-0

[Event "17th Spilimbergo Open 2019"]
[Site "Spilimbergo"]
[Date "2019.08.10"]
[Round "2.4"]
[White "Morozov, Nichita"]
[Black "Basso, Pier Luigi"]
[Result "1/2-1/2"]
[WhiteElo "2389"]
[BlackElo "2576"]
[PlyCount "133"]
[EventDate "2019.08.09"]
[EventType "swiss"]
[EventCountry "ITA"]
[TimeControl "5400+30"]
[WhiteClock "0:01:10"]
[BlackClock "0:02:21"]

1. d4 g6 2. e4 Bg7 3. c4 e6 4. Nc3 Ne7 5. Be2 d5 6. cxd5 exd5 7. exd5 Nxd5 8. Nf3 O-O 9. O-O h6 10. Qb3 Nb6 11. d5 c6 12. Be3 Nxd5 13. Rfd1 Nxc3 14. Rxd8 Nxe2+ 15. Kf1 Rxd8 16. Kxe2 b6 17. Rd1 Nd7 18. Ke1 Bb7 19. Rd6 Nf8 20. Rxd8 Rxd8 21. Qa3 Ra8 22. Qe7 Bc8 23. Bd4 Bxd4 24. Nxd4 Bd7 25. Qd6 Re8+ 26. Kd2 c5 27. Nc2 Bb5 28. Ne3 Ne6 29. Kc1 Nd4 30. Qc7 Ne2+ 31. Kd2 Re4 32. b3 Rd4+ 33. Kc2 Bd3+ 34. Kb2 Bb5 35. Qb8+ Kh7 36. Nc4 Bxc4 37. bxc4 Rd2+ 38. Kb3 Nd4+ 39. Ka3 Nc2+ 40. Ka4 Nd4 41. Ka3 Rxf2 42. Qxa7 Rf6 43. Qe7 Kg7 44. Qe5 Nc6 45. Qd5 Re6 46. Ka4 Nd4 47. Qb7 Re2 48. a3 Re6 49. h3 Ne2 50. Kb3 Nd4+ 51. Ka4 h5 52. g4 hxg4 53. hxg4 Nc2 54. Kb3 Nd4+ 55. Ka4 Nc2 56. Kb3 Ne3 57. g5 Nf5 58. Qc7 Nd4+ 59. Ka4 Nf5 60. Kb3 Nd6 61. Qxb6 Re3+ 62. Kc2 Nxc4 63. Qxc5 Nxa3+ 64. Kd1 Rh3 65. Qd4+ Kg8 66. Qd8+ Kg7 67. Qd4+ 1/2-1/2

[Event "17th Spilimbergo Open 2019"]
[Site "Spilimbergo"]
[Date "2019.08.10"]
[Round "2.5"]
[White "Szabo, Bence"]
[Black "Brunello, Sabino"]
[Result "0-1"]
[WhiteElo "2355"]
[BlackElo "2556"]
[PlyCount "100"]
[EventDate "2019.08.09"]
[EventType "swiss"]
[EventCountry "ITA"]
[TimeControl "5400+30"]
[WhiteClock "0:03:03"]
[BlackClock "0:01:11"]

1. Nf3 d5 2. c4 e6 3. g3 Nf6 4. Bg2 Be7 5. O-O O-O 6. b3 b6 7. Bb2 Bb7 8. e3 c5 9. Nc3 Qc8 10. cxd5 Nxd5 11. Nxd5 Bxd5 12. d4 Nd7 13. Qe2 Qb7 14. Rfd1 Rfd8 15. Ne1 Bxg2 16. Nxg2 cxd4 17. Bxd4 Bf6 18. Bxf6 Nxf6 19. Rxd8+ Rxd8 20. Rd1 Rc8 21. Ne1 h6 22. Rd4 Rc1 23. Rd8+ Kh7 24. Rd1 Rc7 25. Rd4 g5 26. Qf3 Qxf3 27. Nxf3 Kg7 28. Kg2 Rc1 29. Rc4 Rxc4 30. bxc4 Ne4 31. Ne5 Nc3 32. a3 Nb1 33. a4 Nc3 34. a5 bxa5 35. c5 a4 36. c6 Nd5 37. e4 Ne7 38. c7 a3 39. Nc6 Nc8 40. Nb4 Kf6 41. f4 gxf4 42. gxf4 Ke7 43. Kg3 Kd7 44. Kh4 Ne7 45. Kh5 Ng8 46. f5 exf5 47. exf5 Kxc7 48. Kg4 Kd6 49. Kf4 Nf6 50. Na2 Kd5 0-1

[Event "17th Spilimbergo Open 2019"]
[Site "Spilimbergo"]
[Date "2019.08.10"]
[Round "2.6"]
[White "Palac, Mladen"]
[Black "Percivaldi, Martin"]
[Result "0-1"]
[WhiteElo "2551"]
[BlackElo "2391"]
[PlyCount "93"]
[EventDate "2019.08.09"]
[EventType "swiss"]
[EventCountry "ITA"]
[TimeControl "5400+30"]
[WhiteClock "0:16:43"]
[BlackClock "0:02:52"]

1. e4 e5 2. Nf3 Nc6 3. Bc4 Nf6 4. d3 Be7 5. O-O O-O 6. Re1 d6 7. a3 h6 8. h3 Be6 9. Nbd2 Qd7 10. b4 a6 11. Bb2 Rfe8 12. Bb3 Bxb3 13. Nxb3 Bf8 14. c4 Rad8 15. Qc2 Ne7 16. d4 Ng6 17. Rad1 Qe6 18. c5 Nh5 19. Na5 Nhf4 20. Re3 dxc5 21. d5 Qc8 22. bxc5 Nxg2 23. Kxg2 Nf4+ 24. Kg1 Bxc5 25. Nxe5 Bxe3 26. fxe3 Nxh3+ 27. Kh2 Ng5 28. Qg2 f6 29. Nf3 Rxe4 30. Nxg5 Rg4 31. Qf3 hxg5 32. Rd4 Rxd4 33. Bxd4 Qd7 34. Nxb7 Qxd5 35. Kg3 Qxf3+ 36. Kxf3 Rb8 37. Nc5 Kf7 38. Nxa6 Ra8 39. Nxc7 Rxa3 40. Nb5 Rb3 41. Nc3 Ke6 42. Ne2 Rb8 43. Bc3 g6 44. Nd4+ Kd5 45. Ne2 Ke6 46. Nd4+ Kf7 47. Ne2 0-1

[Event "17th Spilimbergo Open 2019"]
[Site "Spilimbergo"]
[Date "2019.08.10"]
[Round "2.7"]
[White "Derakhshani, Borna"]
[Black "Dragnev, Valentin"]
[Result "0-1"]
[WhiteElo "2323"]
[BlackElo "2535"]
[PlyCount "110"]
[EventDate "2019.08.09"]
[EventType "swiss"]
[EventCountry "ITA"]
[TimeControl "5400+30"]
[WhiteClock "0:04:07"]
[BlackClock "0:08:38"]

1. Nf3 d5 2. e3 Nf6 3. b3 g6 4. Bb2 Bg7 5. c4 e6 6. Be2 O-O 7. O-O b6 8. cxd5 exd5 9. d4 Bb7 10. Nc3 Nbd7 11. Rc1 Qe7 12. Nb5 c5 13. Ba3 Rfd8 14. Qe1 Ne4 15. Nc3 Rac8 16. Na4 Bc6 17. dxc5 Bxa4 18. bxa4 bxc5 19. Qa5 Qf6 20. Ba6 Rb8 21. Bd3 Qb6 22. Qe1 Qe6 23. Bb5 c4 24. Nd4 Bxd4 25. exd4 a6 26. Bxd7 Qxd7 27. Qa5 Qc6 28. f3 Nd6 29. Rfe1 Nf5 30. Bc5 Re8 31. Qd2 Qxa4 32. g4 Ng7 33. Bd6 Rxe1+ 34. Rxe1 Re8 35. Be5 Qc6 36. Rb1 f6 37. Bg3 c3 38. Qd3 Ne6 39. Rc1 Rc8 40. Rc2 Qc4 41. Qxc4 Rxc4 42. Bf2 Nxd4 43. Bxd4 Rxd4 44. Rxc3 Rd1+ 45. Kf2 Rd2+ 46. Kg3 Rxa2 47. Rc5 d4 48. Rd5 Ra4 49. Rd7 a5 50. Kf4 d3+ 51. Ke3 Ra3 52. Ra7 d2+ 53. Kxd2 Rxf3 54. Ra6 Kg7 55. h4 Rg3 0-1

[Event "17th Spilimbergo Open 2019"]
[Site "Spilimbergo"]
[Date "2019.08.10"]
[Round "2.8"]
[White "Petkov, Momchil"]
[Black "Vetoshko, Volodymyr"]
[Result "1/2-1/2"]
[WhiteElo "2312"]
[BlackElo "2495"]
[PlyCount "97"]
[EventDate "2019.08.09"]
[EventType "swiss"]
[EventCountry "ITA"]
[TimeControl "5400+30"]
[BlackClock "0:00:21"]

1. e4 c5 2. Nf3 Nc6 3. c4 Nf6 4. Nc3 e6 5. d4 cxd4 6. Nxd4 Bb4 7. Nxc6 bxc6 8. Bd3 e5 9. O-O O-O 10. Qc2 Be7 11. Kh1 d6 12. f4 exf4 13. Bxf4 Ng4 14. c5 Bg5 15. Bxd6 Ne3 16. Qf2 Nxf1 17. Rxf1 Be7 18. e5 Bxd6 19. cxd6 Qg5 20. Qd4 Be6 21. Ne4 Qh6 22. Nc5 Bd5 23. Bc4 Bxc4 24. Qxc4 Qh5 25. Nd7 Rfe8 26. Qxc6 Qe2 27. Rc1 Rad8 28. h3 Qxb2 29. Rf1 Qxa2 30. Qb7 Qe6 31. Nc5 Qc4 32. Rf5 Qc1+ 33. Kh2 Qxc5 34. Qxf7+ Kh8 35. Rg5 Rg8 36. Rh5 Qe3 37. d7 Rgf8 38. Qe7 Qf4+ 39. Kh1 Qf1+ 40. Kh2 Qf4+ 41. Kh1 Qf7 42. Qxf7 Rxf7 43. e6 Rfxd7 44. exd7 Rxd7 45. Rc5 Kg8 46. Rc6 Kf8 47. Kh2 Rf7 48. h4 Ke7 49. g4 1/2-1/2

[Event "17th Spilimbergo Open 2019"]
[Site "Spilimbergo"]
[Date "2019.08.10"]
[Round "2.9"]
[White "Miron, Lucian-Costin"]
[Black "Fataliyeva, Ulviyya"]
[Result "1/2-1/2"]
[WhiteElo "2494"]
[BlackElo "2357"]
[PlyCount "96"]
[EventDate "2019.08.09"]
[EventType "swiss"]
[EventCountry "ITA"]
[TimeControl "5400+30"]
[WhiteClock "0:01:20"]
[BlackClock "0:02:18"]

1. Nf3 d5 2. d4 Nf6 3. g3 Bf5 4. c4 c6 5. Nc3 e6 6. Nh4 Be4 7. f3 Bg6 8. Qb3 Qd7 9. e3 Bd6 10. Bd2 O-O 11. Nxg6 hxg6 12. O-O-O dxc4 13. Bxc4 b5 14. Be2 a5 15. e4 a4 16. Qc2 Be7 17. Be3 Qa7 18. e5 Nd5 19. Nxd5 cxd5 20. Kb1 Nd7 21. Qd2 Rfb8 22. Rc1 Rb7 23. h4 Nb6 24. Bd3 Nc4 25. Qe2 Rc8 26. h5 g5 27. f4 Rbc7 28. fxg5 a3 29. b3 Nxe3 30. Qxe3 Rxc1+ 31. Rxc1 Rxc1+ 32. Kxc1 Bd8 33. Bxb5 Bb6 34. Qc3 Bxd4 35. Qc8+ Kh7 36. Bd3+ g6 37. hxg6+ fxg6 38. Qxe6 Bb2+ 39. Kd1 Qg1+ 40. Ke2 Qg2+ 41. Kd1 Qf3+ 42. Kd2 Qf2+ 43. Kd1 Qf3+ 44. Kd2 Qf2+ 45. Be2 Qd4+ 46. Bd3 Qf2+ 47. Be2 Qd4+ 48. Bd3 Qf2+ 1/2-1/2

[Event "17th Spilimbergo Open 2019"]
[Site "Spilimbergo"]
[Date "2019.08.10"]
[Round "2.10"]
[White "Blom, Vincent"]
[Black "Castellanos Rodriguez, Renier"]
[Result "1/2-1/2"]
[WhiteElo "2303"]
[BlackElo "2493"]
[PlyCount "53"]
[EventDate "2019.08.09"]
[EventType "swiss"]
[EventCountry "ITA"]
[TimeControl "5400+30"]
[WhiteClock "0:06:04"]
[BlackClock "0:04:17"]

1. c4 e5 2. g3 Nc6 3. Bg2 Bc5 4. Nc3 a6 5. e3 d6 6. Nge2 Ba7 7. d4 Nge7 8. O-O O-O 9. d5 Nb8 10. h3 Nd7 11. Kh2 Nf6 12. f4 exf4 13. gxf4 Ng6 14. Qd3 Re8 15. b4 Bd7 16. e4 c6 17. dxc6 Bxc6 18. b5 Bd7 19. bxa6 bxa6 20. Qxd6 Nh4 21. Bh1 Be6 22. Qxd8 Raxd8 23. f5 Bxc4 24. Bg5 Bb8+ 25. Kg1 Ba7+ 26. Kh2 Bb8+ 27. Kg1 1/2-1/2